 Dungeon Crawl Stone Soup version 0.30-a0-371-gad7725a93e (webtiles) character file.

Game seed: 12002128315337605213

419 bande the Covered (level 6, 0/39 HPs)
             Began as a Gargoyle Fighter on Nov 23, 2022.
             Slain by an orc priest
             ... wielding a +0 club
              (2 damage)
             ... on level 4 of the Dungeon.
             The game lasted 00:06:43 (4069 turns).

bande the Covered (Gargoyle Fighter)                Turns: 4069, Time: 00:06:44

Health: 0/39       AC: 16    Str: 19    XL:     6   Next: 93%
Magic:  6/6        EV:  5    Int:  9    God:
Gold:   171        SH:  4    Dex: 11    Spells: 5/5 levels left

rFire   . . .      SeeInvis .    a - +0 war axe
rCold   . . .      Faith    .    c - +0 buckler
rNeg    + . .      Spirit   .    i - +0 plate armour
rPois   ∞          Reflect  .    (no helmet)
rElec   +          Harm     .    (no cloak)
rCorr   .          Rampage  .    (no gloves)
Will    .....                    (no boots)
Stlth   ..........               (no amulet)
HPRegen 0.26/turn                (no ring)
MPRegen 0.10/turn                (no ring)

@: no status effects
A: sickness immunity, AC +4, negative energy resistance 1, electricity
resistance, torment resistance 1, petrification resistance
a: no special abilities


You were on level 4 of the Dungeon.
You visited 1 branch of the dungeon, and saw 4 of its levels.

You collected 171 gold pieces.

Inventory:

Hand Weapons
 a - a +0 war axe (weapon)
 l - a +0 flail of venom
 o - a +0 war axe
Armour
 c - a +0 buckler (worn)
 i - a +0 plate armour (worn)
Jewellery
 f - a ring of ice
 h - a ring of wizardry
 n - an amulet of the acrobat
 q - an amulet of the acrobat
Scrolls
 e - a scroll of identify
Potions
 b - 2 potions of heal wounds
 d - a potion of might
 g - a potion of magic
 j - a potion of flight


   Skills:
 + Level 4.3 Fighting
 + Level 4.7 Axes
 + Level 4.8 Armour
 + Level 4.2 Shields


You had 5 spell levels left.
You didn't know any spells.
Your spell library contained the following spells:

 Spells                   Type           Power      Damage    Failure   Level
 Magic Dart               Conj           0%         1d3       100%        1
 Poisonous Vapours        Pois/Air       0%         N/A       100%        2
 Searing Ray              Conj           0%         2d4       100%        2
 Mephitic Cloud           Conj/Pois/Air  0%         N/A       100%        3
 Fulminant Prism          Conj/Hex       0%         3d5       100%        4
 Cigotuvi's Dreadful Rot  Necr/Pois/Air  Unusable   N/A       N/A         2

Dungeon Overview and Level Annotations

Branches:
Dungeon (4/15)
 Temple: D:4-7

Altars:

Shops:
D:1 *


Innate Abilities, Weirdness & Mutations

You are immune to sickness and miasma.
Your stone body is resilient. (AC +4)
You are immune to poison.
You resist negative energy. (rN+)
You are resistant to electric shocks. (rElec)
You are resistant to unholy torment.
You are immune to petrification.


Message History

The orc priest invokes the aid of Beogh against you.
Beogh smites you! You block the orc's attack.
You completely miss the orc. You hit the orc.
The orc is severely wounded.
The orc hits you but does no damage.
The orc priest calls upon Beogh to heal the orc.
The orc's wounds heal themselves!
The orc hits you but does no damage.
You slash the orc!
You kill the orc!
You slash the endoplasm!
You kill the endoplasm!
You barely miss the orc. The orc hits you with a +0 flail.
You slash the orc!
You kill the orc!
The orc priest invokes the aid of Beogh against you.
Beogh smites you!
You are too injured to fight recklessly!
You are too injured to fight recklessly!
You are too injured to fight recklessly!
You are too injured to fight recklessly!
You are too injured to fight recklessly!
You are too injured to fight recklessly!
You are too injured to fight recklessly!
You are too injured to fight recklessly!
Unknown command.
Things that are here:
a +0 dagger; an orc corpse You slash the orc priest!
The orc priest is severely wounded.
You slash the orc!
You kill the orc!
The orc priest barely misses you.
The orc priest calls down the wrath of Beogh upon you.
Beogh smites you!
* * * LOW HITPOINT WARNING * * *
You hit the orc priest.
The orc priest is almost dead.
The orc priest hits you with a +0 club.
You die...

**..,...............###.....#(.,,
*,...###...........###..#####*.,*
,,....*#..........###..## **,,,
,,....###.........##..## *,,,,
,,.....##.............# **,,,,
........##.÷.........## ***,,,,,
..........<....#.....# **,,,****
.............###....##***,,,**
.............###@....#,,,,,**
.......##......#o).......,**
,*#.....#...............$#*
**#......................#*******
##......................,,,,,,,
##...........####......,,,,,,,
#..........## *#[..!.,******
##........## *#...,**
*#...##....# **,,,* *


You could see an orc priest.

Vanquished Creatures
  A scorpion (D:3)
  A hound (D:2)
  Natasha (thrice) (D:3 D:2)
  An orc wizard (D:3)
  11 gnolls
  2 adders (D:2)
  A worm (D:2)
  3 dart slugs
  14 orcs
  5 endoplasms
  2 giant cockroaches (D:2)
  4 goblins
  8 hobgoblins
  6 quokkas
  12 ball pythons
  7 bats
  6 frilled lizards
  5 kobolds
  3 rats
95 creatures vanquished.

Notes
Turn   | Place    | Note
-------+----------+-------------------------------------------
     0 | D:1      | bande the Gargoyle Fighter began the quest for the Orb.
     0 | D:1      | Reached XP level 1. HP: 14/14 MP: 1/1
   285 | D:1      | Reached XP level 2. HP: 19/19 MP: 2/2
   374 | D:1      | Found Gamed's Assorted Antiques.
   550 | D:1      | Reached XP level 3. HP: 24/24 MP: 3/3
  1451 | D:2      | Reached XP level 4. HP: 24/29 MP: 4/4
  1720 | D:3      | Noticed a scorpion
  1727 | D:3      | Killed a scorpion
  1728 | D:3      | Reached XP level 5. HP: 33/33 MP: 5/5
  1728 | D:3      | Noticed Natasha
  1733 | D:3      | Killed Natasha
  1755 | D:3      | Noticed Natasha
  1807 | D:2      | Killed Natasha
  2260 | D:2      | Noticed Natasha
  2282 | D:2      | Killed Natasha
  2432 | D:2      | Reached XP level 6. HP: 33/38 MP: 6/6
  4069 | D:4      | Slain by an orc priest

Illustrated notes

Levels and vault maps discovered:
D:1:      ebering_trefoil_twist, layout_basic, serial_shops,
          nicolae_shop_statue_plus, skrybe_limestone_x, minmay_pentomino_s4
D:2:      minmay_chambers_of_ones, layout_basic
D:3:      layout_basic, uniq_natasha
D:4:      layout_layer_cave, serial_shops, shop,
          nicolae_shop_overgrown_old_shop, kennysheep_little_box, shop

Skill      XL: |  1  2  3  4  5 |
---------------+----------------+-----
Axes           | 2 3 4 |  4.7
Armour         | 4 |  4.8
Fighting       | 4 |  4.3
Shields        | 4 |  4.2

Action                   |  1- 3 |  4- 6 || total
-------------------------+-------+-------++-------
Melee: War axe           |   138 |   175 ||   313
  Use: Scroll            |     3 |     8 ||    11
Armor: Scale mail        |    35 |       ||    35
       Plate armour      |    51 |   188 ||   239
Dodge: Dodged            |    54 |    53 ||   107
Block: Buckler           |    34 |    45 ||    79

Table legend: (Time is in decaauts)
 A = Elapsed time spent in this place.
 B = Non-inter-level travel time spent in this place.
 C = Inter-level travel time spent in this place.
 D = Time resting spent in this place.
 E = Time spent auto-exploring this place.
 F = Levels seen in this place.
 G = Mean time per level.
                   A        B        C        D        E       F      G
               +--------+--------+--------+--------+--------+-----+--------+
         Total |   4198 |   4185 |     13 |   1671 |   1475 |   4 | 1049.5 |
       Dungeon |   4198 |   4185 |     13 |   1671 |   1475 |   4 | 1049.5 |
               +--------+--------+--------+--------+--------+-----+--------+

Top non-repeatable levels by time:
     D:2: 2347 daAuts
     D:3: 975 daAuts
     D:1: 810 daAuts
     D:4: 65 daAuts
